 Dungeon Crawl Stone Soup version 0.18.1-6-gd335043 (webtiles) character file.

12706 shmeve the Cleaver (level 11, -16/104 HPs)
             Began as a Deep Dwarf Berserker on May 19, 2016.
             Was a High Priest of Trog.
             Demolished by an orc knight
             ... wielding a +0 glaive
              (19 damage)
             ... on level 2 of the Orcish Mines.
             The game lasted 00:29:16 (8494 turns).

shmeve the Cleaver (Deep Dwarf Berserker)           Turns: 8494, Time: 00:29:18

Health: -16/104    AC: 17    Str: 29    XL:     11   Next: 66%
Magic:  4/4        EV:  7    Int:  8    God:    Trog [*****.]
Gold:   1273       SH: 19    Dex: 12    Spells: 0 memorised, 10 levels left

rFire  . . .     SeeInvis .     k - +7 broad axe (antimagic)
rCold  . . .     Gourm    .     D - +0 plate armour
rNeg   + . .     Faith    .     C - +1 large shield of Monotheism {rElec}
rPois  +         Spirit   .     (no helmet)
rElec  +         Dismiss  .     P - +2 cloak {+Inv}
rCorr  .         Reflect  .     o - +0 pair of gloves
SustAt .         Harm     .     (no boots)
MR     +++..                    (no amulet)
Stlth  ..........               v - ring of Birdsong {*Drain +Blink rElec rN+ Str+5}
                                u - ring of poison resistance

@: exhausted, non-regenerating, slowed, very slow, extremely resistant to
hostile enchantments, extremely unstealthy
A: damage resistance, recharge devices, sense surroundings 2, slow regeneration
3
a: Device Recharging, Berserk, Trog's Hand, Brothers in Arms, Burn Spellbooks,
Renounce Religion, Evoke Blink, Evoke Invisibility


You were on level 2 of the Orcish Mines.
You worshipped Trog.
Trog was extremely pleased with you.
You were not hungry.

You visited 2 branches of the dungeon, and saw 12 of its levels.

You collected 1669 gold pieces.
You spent 396 gold pieces at shops.

Inventory:

Hand Weapons
 k - a +7 antimagic broad axe (weapon)
Armour
 o - a +0 pair of gloves (worn)
 C - the +1 large shield of Monotheism (worn) {rElec}
   (You found it on level 6 of the Dungeon)

   It insulates you from electricity.
 D - a +0 plate armour (worn)
 P - a +2 cloak of invisibility (worn)
Jewellery
 l - an uncursed ring of protection from fire {unknown}
 u - a ring of poison resistance (left hand)
 v - the ring of Birdsong (right hand) {*Drain +Blink rElec rN+ Str+5}
   (You bought it in a shop on level 4 of the Dungeon)

   [ring of strength]

   It affects your strength (+5).
   It insulates you from electricity.
   It protects you from negative energy.
   It lets you blink.
   It causes draining when unequipped.
 G - a +5 ring of protection {unknown}
 H - a cursed -4 ring of evasion {unknown}
 J - an uncursed ring of protection from cold {unknown}
 S - a +6 ring of dexterity {unknown}
Wands
 c - a wand of heal wounds (4/9)
 w - a wand of paralysis (4/24)
 y - a wand of slowing (24/48)
 E - a wand of acid (3/15)
 L - a wand of slowing (25/48)
 O - a wand of iceblast (2/15)
 U - a wand of flame (20/48)
 V - a wand of paralysis (14/24)
Scrolls
 a - 3 scrolls of recharging {unknown}
 f - 2 scrolls of enchant weapon {unknown}
 i - 10 scrolls of identify {unknown}
 j - 2 scrolls of noise {unknown}
 p - 6 scrolls of teleportation {unknown}
 r - 5 scrolls of remove curse {unknown}
 s - a scroll of immolation {unknown}
 t - 5 scrolls of fog {unknown}
 F - a scroll of torment {unknown}
 T - a scroll of magic mapping {unknown}
Potions
 b - 4 potions of flight {unknown}
 e - 3 potions of lignification {unknown}
 g - 4 potions of cancellation {unknown}
 h - 2 potions of magic {unknown}
 m - 7 potions of curing
 n - 2 potions of heal wounds {unknown}
 x - 2 potions of cure mutation {unknown}
 z - 4 potions of agility {unknown}
 A - a potion of resistance {unknown}
 B - a potion of ambrosia {unknown}
 I - a potion of haste {unknown}
 R - 2 potions of mutation {unknown}
Books
 K - a Fen Folio

   Spells                             Type                      Level
   a - Corpse Rot                     Necromancy                   2
   b - Stone Arrow                    Conjuration/Earth            3
   c - Leda's Liquefaction            Hexes/Earth                  4
   d - Summon Forest                  Summoning/Translocation      5
   e - Hydra Form                     Transmutation                6
   f - Summon Hydra                   Summoning                    7
   Trog disapproves of the use of such an item.
Comestibles
 d - 8 bread rations
 q - 10 royal jellies
 Q - 9 fruits


   Skills:
 * Level 8.8 Fighting
 * Level 10.4 Axes
 + Level 7.0 Armour
 + Level 7.3 Dodging
 * Level 9.5 Shields
 - Level 8.1 Evocations


You had 10 spell levels left.
You didn't know any spells.

Dungeon Overview and Level Annotations

Branches:
Dungeon (10/15)            Temple (0/1) D:4             Orc (2/2) D:10
    Elf (0/3) Orc:2
   Lair: D:8-11

Altars:
Ashenzari
Dithmenos
Fedhas
Gozag
Makhleb
Nemelex Xobeh
Pakellas
Qazlal
Ru
Sif Muna
Trog
Vehumet
Xom
Zin
The Shining One
Beogh

Shops:
D:4 ?=*[   D:5 !**   D:6 (   D:9 ([[=(


Innate Abilities, Weirdness & Mutations

You are resistant to damage.
You can recharge devices by infusing magical energy.
You passively map the area around you.
You do not regenerate naturally.


Message History

You are exhausted.
You feel yourself slow down.
You feel the effects of Trog's Hand fading.
You block the orc warrior's attack. You block the orc knight's attack.
Evoke which item? (* to show all) (? for menu, Esc to quit)
Zapping:
c - a wand of heal wounds (5/9)
Press: ? - help, Shift-Dir - straight line, f - you You feel much better.
This wand has 4 charges left.
You block the orc warrior's attack.
The orc warrior throws a tomahawk.
You block the tomahawk. The orc warrior hits you with a glaive.
The orc warrior unwields an uncursed great mace.
The orc warrior wields an arbalest.
The orc warrior shoots a bolt.
The bolt hits you!
* * * LOW HITPOINT WARNING * * *
You block the orc warrior's attack.
The orc warrior hits you from afar with a halberd!!
* * * LOW HITPOINT WARNING * * *
The orc warrior throws a tomahawk.
The tomahawk completely misses you.
The orc knight hits you from afar with a glaive!!
You die...

##.##(...##.## ,
**
#####(######## ,
* ##...(((......
,, , ,
#.....(.......,
, ,,
#...##.(##..##.
*
#..##.).)......
#..#.()()o....≈
≈ * ≈
#.....)))...≈≈≈
* ≈
#..#..)@o.≈≈≈≈#*
*∩ **
#..#...o)≈≈≈≈##*
#......ooooo...
,
#.........o....,
,
#..#.....≈≈≈≈##
,, *
#..#......≈≈≈≈#
#. .........≈≈≈
* * *≈
*,.#..........≈≈
, , , * * ,


You could see an orc knight, 7 orc warriors and an orc.

Vanquished Creatures
  An orc knight (Orc:1)
  The ghost of culcha the Ducker, a novice DrBe of Trog (D:6)
  A hill giant (D:10)
  2 orc sorcerers (Orc:1)
  Maurice (D:8)
  A gargoyle (D:10)
  The ghost of PsiRedEye22 the Spear-Bearer, a novice MfGl (D:5)
  A queen bee (D:8)
  A two-headed ogre (D:9)
  3 trolls
  2 hungry ghosts (D:8)
  Grum (D:8)
  2 wargs (Orc:1)
  The ghost of richardnixon the Cudgeler, an amateur GrFi (D:3)
  A soldier ant (D:10)
  2 water moccasins (D:8)
  16 orc warriors
  3 phantoms
  A black bear (D:6)
  3 ice beasts
  3 sky beasts
  A necrophage (D:10)
  5 ogres
  9 centaurs
  3 wolves (D:8)
  A big kobold (D:10)
  6 giant frogs
  A gnoll sergeant (D:7)
  2 scorpions
  15 killer bees (D:8)
  6 wights
  2 jellies
  3 crimson imps
  A quasit (D:10)
  A giant frog zombie (D:5)
  11 orc priests
  A gnoll shaman (D:6)
  6 hounds
  3 centaur skeletons
  2 giant frog skeletons
  Terence (D:2)
  An iguana (D:7)
  5 orc wizards
  6 worker ants
  2 killer bee zombies
  A hound skeleton (D:5)
  A worker ant zombie (D:7)
  3 howler monkey skeletons
  12 gnolls
  10 adders
  2 shadow imps
  2 oozes
  An adder skeleton (D:4)
  6 worms
  A dart slug (D:3)
  7 giant geckos
  55 orcs
  5 bats
  2 giant cockroaches
  8 goblins
  7 hobgoblins
  6 jackals
  15 kobolds
  2 quokkas
  2 ball pythons
  A giant gecko skeleton (D:7)
  A giant gecko zombie (D:5)
  7 giant newts
  A goblin skeleton (D:9)
  2 hobgoblin zombies (D:9)
  An orc skeleton (D:9)
  3 orc zombies (D:9)
  A quokka skeleton (D:6)
  5 rats
312 creatures vanquished.

Notes
Turn   | Place    | Note
--------------------------------------------------------------
     0 | D:1      | shmeve the Deep Dwarf Berserker began the quest for the Orb.
     0 | D:1      | Reached XP level 1. HP: 20/20 MP: 1/1
   113 | D:1      | Reached XP level 2. HP: 25/27 MP: 2/2
   649 | D:2      | Noticed Terence
   659 | D:2      | Killed Terence
   659 | D:2      | Reached skill level 1 in Evocations
   659 | D:2      | Reached XP level 3. HP: 25/34 MP: 2/4
   775 | D:2      | Reached ** piety under Trog
   776 | D:2      | Reached XP level 4. HP: 16/42 MP: 5/5
   786 | D:2      | Found a radiant altar of Vehumet.
   838 | D:2      | Reached skill level 4 in Axes
  1380 | D:3      | Found a burning altar of Makhleb.
  1381 | D:3      | Found an opulent altar of Gozag.
  1472 | D:3      | Noticed richardnixon's ghost (amateur GrFi)
  1482 | D:3      | Killed richardnixon's ghost
  1482 | D:3      | Reached XP level 5. HP: 35/50 MP: 6/6
  1554 | D:3      | Reached *** piety under Trog
  1670 | D:3      | Found a glowing silver altar of Zin.
  1672 | D:3      | Found an oddly glowing altar of Pakellas.
  1674 | D:3      | Found a blossoming altar of Fedhas.
  1678 | D:3      | Found a shadowy altar of Dithmenos.
  2072 | D:4      | Found a staircase to the Ecumenical Temple.
  2081 | D:4      | Reached XP level 6. HP: 52/57 MP: 7/7
  2122 | D:4      | Found Yttitama's Assorted Antiques.
  2126 | D:4      | Bought a slimy bone ring for 135 gold pieces
  2126 | D:4      | Identified the ring of Birdsong {*Drain +Blink rElec rN+ Str+5} (You bought it in a shop on level 4 of the Dungeon)
  2138 | D:4      | Found Urhax's Antique Armour Emporium.
  2277 | D:4      | Found a deep blue altar of Sif Muna.
  2294 | D:4      | Found Qugg's Jewellery Emporium.
  2336 | D:4      | Reached skill level 5 in Axes
  2350 | D:4      | Found Nugy's Magic Scroll Shop.
  2708 | D:5      | Entered Level 5 of the Dungeon
  2776 | D:5      | Noticed an ice beast
  2792 | D:5      | Killed an ice beast
  2905 | D:5      | Reached XP level 7. HP: 26/66 MP: 7/7
  2990 | D:5      | Noticed PsiRedEye22's ghost (novice MfGl)
  3000 | D:5      | Killed PsiRedEye22's ghost
  3000 | D:5      | Reached skill level 5 in Fighting
  3000 | D:5      | Reached skill level 6 in Axes
  3017 | D:5      | Found Saezou's Assorted Antiques.
  3107 | D:5      | Reached XP level 8. HP: 19/74 MP: 9/9
  3131 | D:5      | Found Nuezoh's Distillery.
  3295 | D:5      | Found Ziohyati's General Store.
  3456 | D:6      | Got an ichor-stained large shield
  3497 | D:6      | Reached skill level 1 in Shields
  3497 | D:6      | Reached skill level 5 in Evocations
  3685 | D:6      | Reached **** piety under Trog
  3692 | D:6      | Found Estrergh's Weapon Emporium.
  3925 | D:6      | Found a sacrificial altar of Ru.
  3967 | D:6      | Noticed culcha's ghost (novice DrBe)
  3990 | D:6      | Killed culcha's ghost
  3990 | D:6      | Reached skill level 5 in Shields
  3990 | D:6      | Gained mutation: You passively map the area around you. [Deep Dwarf growth]
  3990 | D:6      | Reached XP level 9. HP: 48/81 MP: 11/13
  3996 | D:6      | Identified the +1 large shield of Monotheism {rElec} (You found it on level 6 of the Dungeon)
  4172 | D:6      | Found a stormy altar of Qazlal.
  4386 | D:7      | Reached skill level 7 in Axes
  5033 | D:7      | Reached skill level 5 in Dodging
  5167 | D:8      | Noticed Grum
  5185 | D:8      | Received a gift from Trog
  5196 | D:8      | Reached skill level 5 in Armour
  5227 | D:8      | Reached skill level 8 in Axes
  5249 | D:8      | Killed Grum
  5300 | D:8      | Noticed a queen bee
  5309 | D:8      | Reached XP level 10. HP: 85/92 MP: 14/14
  5502 | D:8      | Found a sparkling altar of Nemelex Xobeh.
  5528 | D:8      | Reached ***** piety under Trog
  5585 | D:8      | You fall through a shaft for 2 floors!
  5585 | D:10     | Entered Level 10 of the Dungeon
  5585 | D:10     | Found a roughly hewn altar of Beogh.
  5688 | D:10     | Found a staircase to the Orcish Mines.
  5793 | D:10     | Noticed a gargoyle
  5825 | D:10     | Reached skill level 9 in Axes
  5843 | D:10     | Killed a gargoyle
  6281 | D:8      | Found a shimmering altar of Xom.
  6337 | D:8      | Noticed Maurice
  6346 | D:8      | Killed Maurice
  6435 | D:8      | Found a bloodstained altar of Trog.
  6735 | D:9      | Found Anwy's Antique Weapon Shoppe.
  6764 | D:9      | Reached XP level 11. HP: 62/103 MP: 12/12
  6765 | D:9      | Found Ufugya's Jewellery Shoppe.
  6829 | D:9      | Found Durreumn's Antique Armour Emporium.
  6837 | D:9      | Found Jyasidgh's Antique Weapon Shop.
  6838 | D:9      | Bought a transparent ring mail for 261 gold pieces
  6848 | D:9      | Identified the +4 ring mail of the Buccaneer {rPois rN+} (You bought it in a shop on level 9 of the Dungeon)
  6897 | D:9      | Found a glowing golden altar of the Shining One.
  7006 | D:9      | Found a shattered altar of Ashenzari.
  7014 | D:9      | Found Xanack's Armour Shoppe.
  7472 | D:10     | Noticed a hill giant
  7486 | D:10     | Killed a hill giant
  7906 | Orc:1    | Entered Level 1 of the Orcish Mines
  7923 | Orc:1    | Received a gift from Trog
  7942 | Orc:1    | Noticed an orc sorcerer
  7944 | Orc:1    | Noticed an orc knight
  7944 | Orc:1    | Noticed an orc sorcerer
  7948 | Orc:1    | Killed an orc sorcerer
  7952 | Orc:1    | Reached skill level 10 in Axes
  7957 | Orc:1    | Killed an orc sorcerer
  7960 | Orc:1    | Killed an orc knight
  8032 | Orc:1    | Found a roughly hewn altar of Beogh.
  8285 | Orc:2    | Entered Level 2 of the Orcish Mines
  8418 | Orc:2    | Found a staircase to the Elven Halls.
  8480 | Orc:2    | Noticed an orc knight
  8494 | Orc:2    | HP: 3/104 [orc warrior/halberd (22)]
  8494 | Orc:2    | Demolished by an orc knight

Skill      XL: |  1  2  3  4  5  6  7  8  9 10 11 |
---------------+----------------------------------+-----
Fighting       | 3 4 5 6 7 8 |  8.8
Evocations     | 1 2 3 4 8 |  8.1
Axes           | 4 5 6 8 9 10 | 10.4
Armour         | 3 4 5 6 7 |  7.0
Dodging        | 3 4 5 6 7 |  7.3
Shields        | 5 6 8 9 |  9.5

Action                   |  1- 3 |  4- 6 |  7- 9 | 10-12 || total
-------------------------+-------+-------+-------+-------++-------
Melee: Hand axe          |    94 |   259 |   530 |   303 ||  1186
       War axe           |       |       |       |   164 ||   164
       Broad axe         |       |       |       |    64 ||    64
Invok: Berserk           |       |     1 |     5 |     5 ||    11
       Trog's Hand       |       |       |     5 |     7 ||    12
       Burn Spellbooks   |       |       |       |     2 ||     2
 Abil: Device Recharging |       |     2 |       |     3 ||     5
Evoke: Wand              |     1 |     5 |    13 |    17 ||    36
 Stab: Paralysed         |       |       |    23 |    15 ||    38
  Eat: Chunk             |       |     6 |    13 |     5 ||    24
       Fruit             |       |     2 |       |     2 ||     4
       Pizza             |       |       |     1 |     2 ||     3
       Meat ration       |       |       |       |     2 ||     2
       Beef jerky        |       |       |       |     1 ||     1
Armor: Animal skin       |     6 |       |       |       ||     6
       Chain mail        |    15 |   143 |    36 |       ||   194
       Plate armour      |       |       |   214 |   189 ||   403
Dodge: Dodged            |    48 |   145 |   183 |    82 ||   458
Block: Large shield      |       |       |   314 |   572 ||   886
